 Dungeon Crawl Stone Soup version 0.30-b1-2-g02819fbbbe (webtiles) character file.

Game seed: 8795314878543023695

389 raph the Caller (level 6, -8/43 HPs)
             Began as a Merfolk Summoner on Oct 20, 2023.
             Was an Initiate of Sif Muna.
             Mangled by an ice beast (10 damage)
             ... on level 5 of the Dungeon.
             The game lasted 00:08:04 (4241 turns).

raph the Caller (Merfolk Summoner)                  Turns: 4241, Time: 00:08:05

Health: -8/43      AC:  5    Str:  8    XL:     6   Next: 79%
Magic:  1/10       EV: 13    Int: 16    God:    Sif Muna [......]
Gold:   199        SH:  0    Dex: 15    Spells: 1/10 levels left

rFire   . . .        n - +0 spear
rCold   . . .        (no shield)
rNeg    . . .        a - +0 robe
rPois   .            (no helmet)
rElec   .            j - +0 cloak
rCorr   .            f - +1 pair of gloves
SInv    .            (no boots)
Will    .....        (no amulet)
Stlth   ++           (no ring)
HPRegen 0.27/turn    (no ring)
MPRegen 0.12/turn

%: no passive effects
@: no status effects
A: (nimble swimmer 2), mertail
a: Renounce Religion


You were on level 5 of the Dungeon.
You worshipped Sif Muna.
Sif Muna was noncommittal.
You visited 2 branches of the dungeon, and saw 6 of its levels.

You collected 199 gold pieces.

Inventory:

Hand Weapons
 e - a +0 dagger
 n - a +0 spear (weapon)
Missiles
 o - a boomerang
 q - 3 poisoned darts
Armour
 a - a +0 robe (worn)
 f - a +1 pair of gloves (worn)
 j - a +0 cloak (worn)
Scrolls
 d - 3 scrolls of fog
 h - a scroll of amnesia
 p - a scroll of immolation
Potions
 b - a potion of magic
 c - 2 potions of ambrosia
 g - 4 potions of curing
 i - a potion of berserk rage
 k - a potion of might
 l - a potion of flight
 m - a potion of cancellation


   Skills:
 + Level 1.3 Fighting
 + Level 1.6 Polearms
 + Level 3.2 Dodging
 - Level 2.1 Stealth
 + Level 2.7 Spellcasting
 * Level 6.9 Summonings
 + Level 1.4 Invocations


You had one spell level left.
You knew the following spells:

 Your Spells              Type           Power      Damage    Failure   Level
a - Summon Small Mammal   Summ           96%        N/A       1%          1
b - Call Imp              Summ           48%        N/A       1%          2
c - Call Canine Familiar  Summ           24%        N/A       3%          3
d - Summon Guardian Gole  Hex/Summ       13%        N/A       14%         3

Your spell library contained the following spells:

 Spells                   Type           Power      Damage    Failure   Level
 Summon Lightning Spire   Summ/Air       13%        N/A       43%         4
 Iskenderun's Battlesphe  Conj           2%         2d6       99%         5
 Iron Shot                Conj/Erth      1%         9d1       100%        6
 Spellforged Servitor     Conj/Summ      6%         N/A       100%        7


Dungeon Overview and Level Annotations

Branches:
Dungeon (5/15)             Temple (1/1) D:4

Altars:
Ashenzari
Cheibriados
Dithmenos
Elyvilon
Fedhas
Gozag
Hepliaklqana
Makhleb
Nemelex Xobeh
Okawaru
Qazlal
Ru
Sif Muna
Uskayaw
Vehumet
Wu Jian
Xom
Yredelemnul
Zin
The Shining One

Shops:
D:4 =


Innate Abilities, Weirdness & Mutations

((You are very nimble when in or above water. (Stealth+, EV+, Speed+++)))
Your lower body shifts to a powerful aquatic tail in water.


Message History

Your bat hits the ice beast.
Your bat hits the ice beast but does no damage.
Your cerulean imp hits the ice beast but does no damage.
Your bat hits the ice beast. The ice beast misses your bat.
You hit the ice beast but do no damage.
The ice beast is severely wounded.
Your bat closely misses the ice beast. x2
Your cerulean imp hits the ice beast but does no damage.
The ice beast hits you. The ice beast freezes you!
You hit the ice beast but do no damage.
The ice beast is severely wounded.
Your bat hits the ice beast but does no damage.
Your bat barely misses the ice beast.
Your cerulean imp misses the ice beast.
The ice beast hits you. The ice beast freezes you!
You are too injured to fight recklessly!
You are too injured to fight recklessly!
You are too injured to fight recklessly!
Casting: Summon Small Mammal (safe; 1% risk of failure)
Confirm with . or Enter, or press ? or * to list all spells.
A tiny devil pulls itself out of the air.
Your cerulean imp disappears in a puff of smoke!
Your bat hits the ice beast.
Your bat closely misses the ice beast.
The ice beast barely misses you.
Casting: Call Imp (safe; 1% risk of failure)
Confirm with . or Enter, or press ? or * to list all spells.
You don't have enough magic to cast this spell.
You swap places.
Your bat hits the ice beast but does no damage.
Your cerulean imp closely misses the ice beast.
Casting: Call Imp (safe; 1% risk of failure)
Confirm with . or Enter, or press ? or * to list all spells.
Your bat disappears in a puff of smoke!
Your bat hits the ice beast but does no damage.
Your cerulean imp hits the ice beast with a -2 spear.
The ice beast hits you. The ice beast freezes you!
* * * LOW HITPOINT WARNING * * *
The ice beast attacks as you move away! The ice beast hits you.
* * * LOW HITPOINT WARNING * * *
The ice beast freezes you!
You die...

#...# ...... ....####
#...###...###. .#.#.......
#...#...........# ....#...
#............... #..#.##
#..<....#..##.#+####..#.##
#.......................##
#.>.....#r..#....#^.......
#.##........b....#........
#........@Y...#+##........
#.##..#.#.5.ยง..)..........
#.##..#.#......)))........
#.##.............#........
#.............#..#########
#...###.###......#
#.......))....##.#
#...######)...##.# #...#
#....##>#


You could see an ice beast (ally target), a friendly cerulean imp (summoned), a
friendly quokka (summoned) and a friendly bat (summoned).

Vanquished Creatures
  A scorpion (D:5)
  2 orc priests
  An adder (D:3)
  A worm (D:2)
  A dart slug (D:1)
  4 orcs
  An endoplasm (D:4)
  3 giant cockroaches
  A hobgoblin (D:2)
  2 jackals (D:2)
  A kobold (D:4)
  A quokka (D:4)
  4 ball pythons
  A frilled lizard (D:1)
  2 rats (D:1)
26 creatures vanquished.

Vanquished Creatures (collateral kills)
  An orc priest (D:4)
  A hound (D:5)
  A sleepcap (D:4)
  An iguana (D:5)
  4 adders
  A white imp (D:3)
  2 dart slugs
  A worm (D:2)
  11 orcs
  3 ball pythons
  4 endoplasms
  5 giant cockroaches
  A hobgoblin (D:1)
  2 jackals (D:2)
  6 kobolds
  4 quokkas
  5 bats (D:1)
  2 frilled lizards
  3 goblins
  6 rats
64 creatures vanquished.

Grand Total: 90 creatures vanquished

Notes
Turn   | Place    | Note
-------+----------+-------------------------------------------
     0 | D:1      | raph the Merfolk Summoner began the quest for the Orb.
     0 | D:1      | Reached XP level 1. HP: 13/13 MP: 3/3
   112 | D:1      | Reached XP level 2. HP: 19/19 MP: 0/5
   116 | D:1      | Learned a level 2 spell: Call Imp
   607 | D:1      | Reached XP level 3. HP: 23/24 MP: 0/6
   621 | D:1      | Learned a level 3 spell: Call Canine Familiar
  1042 | D:2      | Reached skill level 5 in Summonings
  1473 | D:2      | Reached XP level 4. HP: 30/30 MP: 4/7
  2792 | D:4      | Found Qilifi's Jewellery Shoppe.
  2821 | D:4      | Reached skill level 6 in Summonings
  2821 | D:4      | Reached XP level 5. HP: 15/35 MP: 3/8
  2899 | D:4      | Found a staircase to the Ecumenical Temple.
  2911 | Temple   | Entered the Ecumenical Temple
  2956 | Temple   | Became a worshipper of Sif Muna the Loreminder
  3029 | D:4      | Found a broken altar of Ashenzari.
  3603 | D:5      | Entered Level 5 of the Dungeon
  3635 | D:5      | Reached XP level 6. HP: 23/42 MP: 4/9
  3808 | D:4      | Reached skill level 1 in Polearms
  3808 | D:4      | Reached skill level 1 in Invocations
  4042 | D:5      | Reached skill level 1 in Fighting
  4157 | D:5      | Learned a level 3 spell: Summon Guardian Golem
  4228 | D:5      | Noticed an ice beast
  4241 | D:5      | HP: 2/43 [ice beast (2)]
  4241 | D:5      | Mangled by an ice beast

Illustrated notes

Levels and vault maps discovered:
D:1:      dpeg_arrival_fog, layout_basic
D:2:      layout_basic, st_stairs_9
D:3:      layout_basic, serial_bayou_pond_d
D:4:      layout_rooms, lemuel_round_altar, minmay_temple_entry_mini_moons,
          serial_shops, shop
D:5:      minmay_clustersquares, layout_basic, enter_ossuary_4
Temple:   hellmonk_temple_of_storms

Skill      XL: |  1  2  3  4  5  6 |
---------------+-------------------+-----
Summonings     | 5 6 |  6.9
Dodging        | 3 |  3.2
Polearms       | 1 |  1.6
Invocations    | 1 |  1.4
Fighting       | 1 |  1.3
Stealth        | |  2.1
Spellcasting   | |  2.7

Action                     |  1- 3 |  4- 6 || total
---------------------------+-------+-------++-------
  Melee: Unarmed           |    26 |       ||    26
         Dagger            |    63 |    23 ||    86
         Punch             |     1 |     3 ||     4
         Spear             |       |   101 ||   101
   Cast: Summon Small Mamm |    28 |    15 ||    43
         Call Imp          |    13 |    23 ||    36
         Call Canine Famil |     4 |    13 ||    17
    Use: Scroll            |     4 |     9 ||    13
   Stab: Sleeping          |     1 |     2 ||     3
 Armour: Robe              |    28 |    24 ||    52
  Dodge: Dodged            |    81 |    90 ||   171
